 Dungeon Crawl Stone Soup version 0.21.1-1-g345015f (webtiles) character file.

8068 vatarom the Basher (level 11, -8/92 HPs)
             Began as a Centaur Gladiator on Mar 25, 2018.
             Was an Elder of Wu Jian.
             Mangled by a komodo dragon (23 damage)
             ... on level 10 of the Dungeon.
             The game lasted 00:18:14 (12604 turns).

vatarom the Basher (Centaur Gladiator)             Turns: 12604, Time: 00:18:15

Health: -8/92      AC:  9    Str: 17    XL:     11   Next: 5%
Magic:  11/11      EV:  8    Int:  7    God:    Wu Jian [****..]
Gold:   285        SH:  4    Dex: 16    Spells: 10/10 levels left

rFire    + + +     SeeInvis .   o - +0 morningstar
rCold    + . .     Gourm    .   (no shield)
rNeg     . . .     Faith    .   p - +1 scale mail {rF+}
rPois    +         Spirit   .   y - +1 hat
rElec    +         Reflect  +   x - scarf {cloud immunity}
rCorr    +         Harm     .   (no gloves)
MR       .....                  (no barding)
Stlth    ..........             u - +4 amulet of reflection
HPRegen  0.25/turn              t - ring of resist corrosion
MPRegen  0.12/turn              E - ring of protection from fire

@: resistant, flying, very quick
A: large, hooves 3, agile 1, deformed body, speed 2, poison resistance,
electricity resistance, tough skin 3
a: Wall Jump, Serpent's Lash, Renounce Religion


You were on level 10 of the Dungeon.
You worshipped Wu Jian.
Wu Jian was greatly pleased with you.
You were not hungry.

You visited 3 branches of the dungeon, and saw 13 of its levels.

You collected 609 gold pieces.
You spent 324 gold pieces at shops.

Inventory:

Hand Weapons
 o - a +0 morningstar (weapon)
Missiles
 d - 3 throwing nets (quivered)
Armour
 b - a +0 cloak
 c - a +0 helmet
 p - a +1 scale mail of fire resistance (worn)
 x - a scarf of cloud immunity (worn)
 y - a +1 hat (worn)
Jewellery
 t - a ring of resist corrosion (left hand)
 u - a +4 amulet of reflection (around neck)
 E - a ring of protection from fire (right hand)
Wands
 g - a wand of random effects (37)
 j - a wand of polymorph (6)
 r - a wand of disintegration (6)
 A - a wand of acid (11)
 C - a wand of paralysis (16)
Scrolls
 e - 3 scrolls of remove curse
 i - 6 scrolls of amnesia
 k - 5 scrolls of enchant armour
 m - 3 scrolls of teleportation
 n - 6 scrolls of identify
 q - a scroll of blinking
 s - a scroll of fear
 v - a scroll of fog {unknown}
Potions
 a - a potion of cancellation
 h - a potion of resistance
 l - a potion of agility
 w - 2 potions of brilliance
 z - a potion of berserk rage {unknown}
 B - a potion of flight
Comestibles
 f - 12 rations


   Skills:
 + Level 7.5 Fighting
 * Level 9.9 Maces & Flails
 + Level 8.2 Throwing
 * Level 6.9 Armour
 - Level 2.1 Dodging


You had 10 spell levels left.
You didn't know any spells.

Dungeon Overview and Level Annotations

Branches:
Dungeon (11/15)            Temple (1/1) D:4            Lair (1/6) D:10
    Orc: D:9-12

Altars:
Ashenzari
Cheibriados
Dithmenos
Elyvilon
Fedhas
Gozag
Hepliaklqana
Kikubaaqudgha
Makhleb
Nemelex Xobeh
Okawaru
Qazlal
Ru
Sif Muna
Uskayaw
Vehumet
Wu Jian
Xom
Yredelemnul
Zin
The Shining One

Shops:
D:5 (   D:6 (   D:7 =   D:10 %

Annotations:
Lair:1 Redear's ghost, novice TrMo


Innate Abilities, Weirdness & Mutations

You have hooves in place of feet.
Armour fits poorly on your strangely shaped body.
You cover ground very quickly.
You have extremely tough skin. (AC +3)
You are agile. (Dex +2)
Your system is resistant to poisons. (rPois)
You are resistant to electric shocks. (rElec)


Message History

You block the komodo dragon's attack.
There is a staircase to the Lair here.
You attack the komodo dragon from above.
You puncture the komodo dragon! You kick the komodo dragon.
The komodo dragon is moderately wounded.
You block the komodo dragon's attack.
The komodo dragon bites you but does no damage.
Okay, then.
There is a staircase to the Lair here.
You have no room to wall jump there; the komodo dragon is in the way.
It was a potion of resistance.
You feel protected.
It was a potion of flight.
You feel very buoyant.
You fly up into the air.
The komodo dragon bites you!
* * * LOW HITPOINT WARNING * * *
You puncture the komodo dragon! You kick the komodo dragon.
The komodo dragon is severely wounded.
The komodo dragon bites you!!
You die...

.....# #.........#.##........####
.....# #.........+...............
.....# #...#.....#.##....#...####
###.## #...#.......##....+<......
###.# #...###..##.##....#...####
...######### #...####.####...#
...#.[.#...# #...............#
...#.#.#.#.# ###.......#######
(###.#...#.#####@l.....#
))...#####.............##########
.(...#####......#......##.......#
.###.#...#.######....)..........#
.# #.#.#.#.# ##..............# .#
#.#.#...# #..............# ##
######### #..............#
##.............# ##########
#......##'#####


You could see a komodo dragon.

Vanquished Creatures
  A two-headed ogre (D:8)
  The ghost of bmj180 the Slicer, a novice HaFi of Okawaru (D:9)
  2 trolls
  Prince Ribbit (D:5)
  2 hippogriffs
  Sigmund (D:2)
  A wyvern (D:9)
  Grum (Lair:1)
  Edmund (D:5)
  A porcupine (Lair:1)
  3 orc warriors
  A hornet zombie (D:9)
  3 ice beasts (D:10)
  The ghost of xccam the Slasher, an amateur DrMo (D:3)
  3 necrophages
  3 phantoms
  5 ogres
  2 wolves (Lair:1)
  5 centaurs
  A crocodile (Lair:1)
  3 big kobolds
  2 bullfrogs
  4 scorpions
  7 killer bees
  6 wights
  3 howler monkeys
  7 crimson imps
  A bullfrog zombie (D:7)
  7 orc priests
  6 hounds
  Crazy Yiuf (D:3)
  2 bullfrog skeletons
  5 jellies
  7 orc wizards
  2 iguanas (D:5)
  Terence (D:3)
  Jessica (D:2)
  Natasha (thrice) (D:3)
  4 worker ants
  A hound zombie (D:7)
  11 gnolls
  9 adders
  A howler monkey skeleton (D:5)
  A shadow imp (D:5)
  6 oozes
  3 dart slugs
  4 leopard geckos
  24 orcs
  5 giant cockroaches
  5 goblins
  4 hobgoblins
  13 jackals
  A quokka (D:7)
  3 ball pythons
  4 bats
  4 frilled lizards (D:2)
  13 kobolds
  3 quokka skeletons
  11 rats
237 creatures vanquished.

Notes
Turn   | Place    | Note
-------+----------+-------------------------------------------
     0 | D:1      | vatarom the Centaur Gladiator began the quest for the Orb.
     0 | D:1      | Reached XP level 1. HP: 17/17 MP: 1/1
   109 | D:1      | Reached skill level 3 in Maces & Flails
   109 | D:1      | Reached XP level 2. HP: 18/24 MP: 2/2
   942 | D:2      | Gained mutation: You are weak. (Str -2) [potion of mutation]
   942 | D:2      | Gained mutation: Scrolls take you a little longer to read. [potion of mutation]
   942 | D:2      | Gained mutation: You are resistant to hostile enchantments. (MR+) [potion of mutation]
   942 | D:2      | Lost mutation: Scrolls take you a little longer to read. [potion of mutation]
   964 | D:2      | Noticed Jessica
   971 | D:2      | Killed Jessica
   971 | D:2      | Reached XP level 3. HP: 28/30 MP: 3/3
  1082 | D:2      | Reached XP level 4. HP: 28/37 MP: 4/4
  1433 | D:2      | Noticed Sigmund
  1447 | D:2      | Killed Sigmund
  1447 | D:2      | Reached skill level 4 in Maces & Flails
  1447 | D:2      | Reached XP level 5. HP: 45/45 MP: 5/5
  1588 | D:3      | Noticed Natasha
  1594 | D:3      | Killed Natasha
  1594 | D:3      | Reached XP level 6. HP: 30/51 MP: 6/6
  1627 | D:3      | Noticed Natasha
  1629 | D:3      | Killed Natasha
  1720 | D:3      | Noticed xccam's ghost (amateur DrMo)
  1746 | D:3      | Killed xccam's ghost
  1746 | D:3      | Reached skill level 5 in Maces & Flails
  1941 | D:3      | Noticed Terence
  1948 | D:3      | Killed Terence
  1973 | D:3      | Noticed Natasha
  1978 | D:3      | Killed Natasha
  2468 | D:3      | Reached XP level 7. HP: 41/59 MP: 7/7
  2630 | D:3      | Reached skill level 1 in Armour
  2907 | D:3      | Found a runed door.
  2911 | D:3      | Noticed Crazy Yiuf
  2917 | D:3      | Killed Crazy Yiuf
  3244 | D:4      | Found a staircase to the Ecumenical Temple.
  3291 | Temple   | Entered the Ecumenical Temple
  3385 | Temple   | Became a worshipper of the Wu Jian Council
  4433 | D:5      | Entered Level 5 of the Dungeon
  4436 | D:5      | Noticed Edmund
  4466 | D:5      | Killed Edmund
  4466 | D:5      | Reached skill level 6 in Maces & Flails
  4466 | D:5      | Reached skill level 5 in Throwing
  4480 | D:5      | Found an iron altar of Okawaru.
  4482 | D:5      | Found Zaaleost's Antique Weapon Shop.
  4508 | D:5      | Reached XP level 8. HP: 15/66 MP: 8/8
  5448 | D:5      | Found a snail-covered altar of Cheibriados.
  5592 | D:5      | Noticed Prince Ribbit
  5615 | D:5      | Killed Prince Ribbit
  5615 | D:5      | Reached skill level 5 in Fighting
  5941 | D:5      | Found a sacrificial altar of Ru.
  6087 | D:6      | Reached skill level 7 in Maces & Flails
  6116 | D:6      | Found Faeluq's Weapon Shoppe.
  6142 | D:6      | Reached * piety under Wu Jian
  6272 | D:6      | Reached XP level 9. HP: 29/74 MP: 9/9
  6492 | D:6      | Found an ancient bone altar of Kikubaaqudgha.
  6494 | D:6      | Found a blossoming altar of Fedhas.
  7069 | D:7      | Reached ** piety under Wu Jian
  7279 | D:7      | Found Elim's Jewellery Emporium.
  7284 | D:7      | Bought a +4 amulet of reflection for 324 gold pieces
  7583 | D:8      | Reached skill level 8 in Maces & Flails
  7600 | D:8      | Found a deep blue altar of Sif Muna.
  7634 | D:8      | Found a shimmering altar of Xom.
  7636 | D:8      | Noticed a troll
  7686 | D:8      | Killed a troll
  7692 | D:8      | Reached skill level 5 in Armour
  7838 | D:8      | Noticed a two-headed ogre
  7846 | D:8      | Killed a two-headed ogre
  8087 | D:8      | Reached XP level 10. HP: 80/84 MP: 10/10
  8282 | D:8      | Found a burning altar of Makhleb.
  8283 | D:8      | Found a radiant altar of Vehumet.
  8696 | D:8      | Reached *** piety under Wu Jian
  9256 | D:9      | Found a radiant altar of Vehumet.
  9263 | D:9      | Noticed bmj180's ghost (novice HaFi)
  9303 | D:9      | Killed bmj180's ghost
  9303 | D:9      | Reached skill level 9 in Maces & Flails
  9701 | D:9      | Found a basalt altar of Yredelemnul.
 10351 | D:9      | Found a shattered altar of Ashenzari.
 10351 | D:9      | Found an opulent altar of Gozag.
 10351 | D:9      | Found a hazy altar of Hepliaklqana.
 10420 | D:10     | Entered Level 10 of the Dungeon
 10420 | D:10     | Found Beolay's Food Shoppe.
 10508 | D:10     | Lost mutation: You are weak. (Str -2) [potion of mutation]
 10508 | D:10     | Lost mutation: You are resistant to hostile enchantments. (MR+) [potion of mutation]
 10508 | D:10     | Gained mutation: Your system is resistant to poisons. (rPois) [potion of mutation]
 10508 | D:10     | Gained mutation: You are resistant to electric shocks. (rElec) [potion of mutation]
 10508 | D:10     | Gained mutation: You are agile. (Dex +2) [potion of mutation]
 10545 | D:10     | Found a staircase to the Lair.
 10760 | Lair:1   | Entered Level 1 of the Lair of Beasts
 10774 | Lair:1   | Noticed Redear's ghost (novice TrMo)
 10790 | Lair:1   | Noticed Grum
 10936 | D:10     | HP: 3/84 [troll (6)]
 11673 | D:10     | Reached **** piety under Wu Jian
 11966 | D:10     | Reached XP level 11. HP: 62/90 MP: 11/11
 12090 | D:11     | Noticed a skeletal warrior
 12090 | D:11     | Noticed a skeletal warrior
 12144 | Lair:1   | Killed Grum
 12604 | D:10     | Mangled by a komodo dragon

Skill      XL: |  1  2  3  4  5  6  7  8  9 10 |
---------------+-------------------------------+-----
Maces & Flails | 3 4 5 6 7 8 9 |  9.9
Throwing       | 3 4 5 6 7 8 |  8.2
Fighting       | 3 4 5 6 7 |  7.5
Armour         | 2 4 5 6 |  6.9
Dodging        | |  2.1

Action                   |  1- 3 |  4- 6 |  7- 9 | 10-12 || total
-------------------------+-------+-------+-------+-------++-------
Melee: Flail             |    81 |    67 |       |       ||   148
       Kick              |     8 |    16 |    91 |    96 ||   211
       Morningstar       |       |    31 |   357 |   383 ||   771
Invok: Lunge             |       |       |    31 |    23 ||    54
       Whirlwind         |       |       |    14 |    17 ||    31
       Wall Jump         |       |       |     3 |     6 ||     9
Evoke: Wand              |       |       |    11 |       ||    11
  Use: Scroll            |     4 |     3 |     2 |     2 ||    11
       Potion            |     1 |     3 |     6 |     4 ||    14
  Eat: Chunk             |       |     3 |     2 |     3 ||     8
       Ration            |       |     1 |     3 |     3 ||     7
Armor: Leather armour    |    35 |     8 |       |       ||    43
       Scale mail        |       |    17 |   183 |   206 ||   406
       Skin              |       |       |    20 |       ||    20
Dodge: Dodged            |    39 |    55 |   147 |   170 ||   411
Block: Other             |       |       |    13 |    81 ||    94
       Reflection        |       |       |       |     4 ||     4
